 Dungeon Crawl Stone Soup version 0.31-a0-408-gb642c7f9a3 (webtiles) character file.

Game seed: 8413952165842687644

6 Ofeo the Sneak (level 2, -1/15 HPs)
             Began as a Kobold Wanderer on July 30, 2023.
             Slain by a kobold
             ... wielding a +0 dagger
              (2 damage)
             ... on level 1 of the Dungeon.
             The game lasted 00:00:39 (118 turns).

Ofeo the Sneak (Kobold Wanderer)                     Turns: 118, Time: 00:00:39

Health: -1/15      AC:  3    Str:  8    XL:     2   Next: 0%
Magic:  5/5        EV: 13    Int: 14    God:
Gold:   4          SH:  0    Dex: 14    Spells: 5/5 levels left

rFire   . . .        a - +0 dagger
rCold   . . .        (no shield)
rNeg    . . .        c - +0 robe
rPois   .            (no helmet)
rElec   .            (no cloak)
rCorr   .            d - +0 pair of gloves
SInv    .            (no boots)
Will    .....        (no amulet)
Stlth   ++++         (no ring)
HPRegen 0.22/turn    (no ring)
MPRegen 0.09/turn

%: no passive effects
@: no status effects
A: small, no large weapons, nightstalker 3
a: no special abilities


You were on level 1 of the Dungeon.
You visited 1 branch of the dungeon, and saw 1 of its levels.

You collected 4 gold pieces.

Inventory:

Hand Weapons
 a - a +0 dagger (weapon)
Armour
 c - a +0 robe (worn)
 d - a +0 pair of gloves (worn)
Potions
 b - a potion of attraction


   Skills:
 + Level 4.1 Stealth
 + Level 2.3 Spellcasting
 + Level 2.1 Hexes
 + Level 2.1 Necromancy
 + Level 1.2 Invocations


You had 5 spell levels left.
You didn't know any spells.
Your spell library contained the following spells:

 Spells                   Type           Power      Damage    Failure   Level
 Slow                     Hex            28%        N/A       10%         1
 Kiss of Death            Conj/Necr      16%        2d6       16%         1
 Vampiric Draining        Necr           7%         2d6       28%         3
 Dazzling Flash           Conj/Hex       8%         N/A       41%         3
 Anguish                  Hex/Necr       3%         N/A       67%         4


Dungeon Overview and Level Annotations

Branches:
Dungeon (1/15)

Altars:


Innate Abilities, Weirdness & Mutations

You are small and have problems with some larger weapons.
You are completely attuned to the shadows.


Message History

The jackal is heavily wounded.
The jackal closely misses you.
You hit the jackal.
You kill the jackal!
You hit the goblin.
The goblin is heavily wounded.
The goblin completely misses you.
You barely miss the goblin.
The goblin is heavily wounded.
The goblin hits you with a +0 dagger.
* * * LOW HITPOINT WARNING * * *
You take 2 damage, and have 1/10 hp.
You barely miss the goblin.
The goblin is heavily wounded.
The goblin hits you but does no damage.
You hit the goblin.
The goblin is severely wounded.
The goblin closely misses you.
You closely miss the goblin.
The goblin is severely wounded.
The goblin misses you.
You hit the goblin.
You kill the goblin!
You have reached level 2!
MP restored: 5 You hit the kobold but do no damage.
You punch the kobold.
The kobold is moderately wounded.
The kobold barely misses you.
You closely miss the kobold.
The kobold is moderately wounded.
The kobold closely misses you.
You closely miss the kobold.
The kobold is moderately wounded.
The kobold hits you with a +0 dagger.
* * * LOW HITPOINT WARNING * * *
You take 2 damage, and have 1/15 hp.
You closely miss the kobold.
The kobold is moderately wounded.
The kobold hits you with a +0 dagger.
You die...

.......#......#~8~.~.#####
.......#......#~~.~~.....♣
?......#......#♣~~~......♣#
[.....##......#♣~~~###'#..#
............g.#♣~~~#.#.#..#
.......#..##.##♣♣~~#+#.#..####
........g.##.###♣~##...#♣....♣
.......##h##..†##.#....#♣....♣
..........####.K@##....#♣....♣
.....>.#### ###########♣♣.<.#
.......# #..## ####


You could see a kobold.

Vanquished Creatures
  A goblin (D:1)
  3 jackals (D:1)
  A bat (D:1)
5 creatures vanquished.

Notes
Turn   | Place    | Note
-------+----------+-------------------------------------------
     0 | D:1      | Ofeo the Kobold Wanderer began the quest for the Orb.
     0 | D:1      | Ofeo set off with the following items: a +0 dagger, a
                  | potion of attraction, a +0 robe, a +0 pair of gloves; and
                  | the following spells available to memorise: Slow, Kiss of
                  | Death, Vampiric Draining, Dazzling Flash, Anguish.
     0 | D:1      | Reached XP level 1. HP: 10/10 MP: 3/3
   115 | D:1      | Reached XP level 2. HP: 2/15 MP: 5/5
   118 | D:1      | Slain by a kobold

Illustrated notes

Levels and vault maps discovered:
D:1:      sevenhm_arrival_forest_fort_small_5, layout_rooms,
          ebering_ecumenical_altar_webs

Action                     || total
---------------------------++-------
  Melee: Dagger            ||    40
         Punch             ||     1
 Armour: Robe              ||    11
  Dodge: Dodged            ||    40

Table legend: (Time is in decaauts)
 A = Elapsed time spent in this place.
 B = Non-inter-level travel time spent in this place.
 C = Inter-level travel time spent in this place.
 D = Time resting spent in this place.
 E = Time spent auto-exploring this place.
 F = Levels seen in this place.
 G = Mean time per level.
                   A        B        C        D        E       F      G
               +--------+--------+--------+--------+--------+-----+--------+
         Total |    121 |    121 |      0 |      0 |     51 |   1 |  121.0 |
       Dungeon |    121 |    121 |      0 |      0 |     51 |   1 |  121.0 |
               +--------+--------+--------+--------+--------+-----+--------+

Top non-repeatable levels by time:
     D:1: 121 daAuts
